 Dungeon Crawl Stone Soup version 0.29-a0-1052-g6990b1bffc (webtiles) character file.

Game seed: 1691896671042276299

40 Rohain the Gusty (level 3, -1/42 HPs)
             Began as a Tengu Air Elementalist on Aug 17, 2022.
             Slain by Terence
             ... wielding a +0 flail
              (7 damage)
             ... on level 2 of the Dungeon.
             The game lasted 00:02:41 (1503 turns).

Rohain the Gusty (Tengu Air Elementalist)           Turns: 1503, Time: 00:02:42

Health: -1/42      AC: 21    Str:  8    XL:     3   Next: 50%
Magic:  5/7        EV:  2    Int: 17    God:
Gold:   39         SH:  0    Dex: 14    Spells: 3/6 levels left

rFire   + . .      SeeInvis .   d - staff of fire
rCold   . . .      Faith    .   (no shield)
rNeg    . . .      Spirit   .   (body armour currently unavailable)
rPois   +          Reflect  .   (helmet currently unavailable)
rElec   .          Harm     .   (cloak currently unavailable)
rCorr   .          Rampage  .   (gloves currently unavailable)
Will    .....      NoTele   +   (boots unavailable)
Stlth   ..........              (no amulet)
HPRegen 0.14/turn               (no ring)
MPRegen 0.10/turn               (no ring)

@: berserking, tree-form, very quick
A: stationary, stasis, torment immunity, boosted hp, (beak), (talons 3)
a: no special abilities


You were on level 2 of the Dungeon.
You were a tree.
You visited 1 branch of the dungeon, and saw 2 of its levels.

You collected 61 gold pieces.
You spent 22 gold pieces at shops.

Inventory:

Armour
 a - a +0 robe (melded)
Magical Staves
 d - a staff of fire (weapon)
Scrolls
 h - a scroll of vulnerability {unknown}
 j - a scroll of teleportation {unknown}
Potions
 b - a potion of magic
 c - a potion of resistance {unknown}
 e - 2 potions of mutation
 i - a potion of lignification


   Skills:
 - Level 2.1 Dodging
 - Level 2.0 Stealth
 + Level 2.4 Spellcasting
 + Level 2.4 Conjurations
 * Level 5.0 Air Magic


You had 3 spell levels left.
You knew the following spells:

 Your Spells              Type           Power      Damage    Failure   Level
a - Shock                 Conj/Air       56%        1d6       4%          1
b - Static Discharge      Conj/Air       14%        3-5/arc   6%          2

Your spell library contained the following spells:

 Spells                   Type           Power      Damage    Failure   Level
 Swiftness                Air            19%        N/A       7%          3
 Mephitic Cloud           Conj/Pois/Air  10%        N/A       21%         3
 Ignite Poison            Fire/Tmut/Pois 3%         N/A       50%         3
 Airstrike                Air            9%         2d(2-18)  22%         4
 Animate Armour           Summ/Erth      4%         N/A       88%         4
 Freezing Cloud           Conj/Ice/Air   5%         6-21      88%         5
 Blade Hands              Tmut           1%         N/A       99%         5
 Iron Shot                Conj/Erth      3%         9d2       100%        6


Dungeon Overview and Level Annotations

Branches:
Dungeon (2/15)

Altars:
Nemelex Xobeh

Shops:
D:2 *

Annotations:
D:2 Terence


Innate Abilities, Weirdness & Mutations

You are a tree.
Your roots penetrate the ground, keeping you stationary.
You cannot be teleported.
You are immune to unholy pain and torment.
Your maximum health is greatly increased.
Your equipment is partially melded.
((You have a beak for a mouth.))
((You have claws for feet.))


Message History

You kill the kobold!
The zap misses the kobold.
The zap hits the quokka.
You kill the quokka!
The zap hits the kobold.
You kill the kobold!
The zap hits Terence but does no damage.
The zap hits Terence.
Terence is lightly wounded.
You see here a scroll labelled BUQOKE HICOZYI.
Terence hits you with a +0 flail!
Terence throws a stone.
The stone hits you.
The air fills with toxic fumes!
As you read the scroll labelled BUQOKE HICOZYI, it crumbles to dust.
It was a scroll of poison.
You are too injured to fight recklessly!
Casting: Shock (safe; 4% risk of failure)
Confirm with . or Enter, or press ? or * to list all spells.
Aiming: Shock (safe; 4% risk of failure)
Press: ? - help, Shift-Dir - straight line, f - Terence
Aim: Terence, wielding a +0 flail, wearing a +0 scale mail, wearing a ring of poison resistance and quivering stones (poison gas, lightly wounded, 75% to hit)
The zap hits Terence but does no damage.
Terence is lightly wounded.
Terence hits you with a +0 flail!
* * * LOW HITPOINT WARNING * * *
Really quaff the potion of lignification?
You turn into a tree.
Your +0 robe melds into your body.
Your roots penetrate the ground.
Terence hits you but does no damage.
It was a potion of berserk rage.
A red film seems to cover your vision as you go berserk!
You feel yourself moving faster!
You feel mighty! Terence hits you but does no damage.
You are too berserk!
Unknown command.
You hit Terence.
Terence is moderately wounded.
You hit Terence.
Terence is heavily wounded.
Terence hits you with a +0 flail!
You die...

#.# #. ##'##
#.. . #.# #.
.###. #.#
?$...##w##
#...)†.## ##
###....§#
#§§#....?§##
§#§§§§###w###§#
§§§§§§§♣@§§§§§#
§§#############


You could see Terence and a worm.

Vanquished Creatures
  An adder (D:2)
  A worm (D:2)
  A ball python (D:2)
  2 bats (D:2)
  An endoplasm (D:2)
  6 hobgoblins
  5 kobolds
  4 quokkas
  A frilled lizard (D:2)
  A goblin (D:2)
  2 rats (D:2)
25 creatures vanquished.

Notes
Turn   | Place    | Note
-------+----------+-------------------------------------------
     0 | D:1      | Rohain the Tengu Air Elementalist began the quest for the
                  | Orb.
     0 | D:1      | Reached XP level 1. HP: 10/10 MP: 4/4
   123 | D:1      | Reached XP level 2. HP: 11/15 MP: 0/6
   500 | D:2      | Found a sparkling altar of Nemelex Xobeh.
   779 | D:2      | Found Ciemoump's General Store.
   781 | D:2      | Bought a scroll of identify for 22 gold pieces
   823 | D:2      | Reached XP level 3. HP: 13/19 MP: 0/7
  1188 | D:2      | Learned a level 2 spell: Static Discharge
  1390 | D:2      | Reached skill level 5 in Air Magic
  1490 | D:2      | Noticed Terence
  1503 | D:2      | Slain by Terence

Illustrated notes

Levels and vault maps discovered:
D:1:      nzn_arrival_crosshair, layout_rooms
D:2:      layout_loops_corners, basic_altar, serial_shops,
          nicolae_shop_hallway_stairs, minmay_pentomino_t4, uniq_terence

Skill      XL: |  1  2  3 |
---------------+----------+-----
Conjurations   | 2 |  2.4
Air Magic      | 5 |  5.0
Dodging        | |  2.1
Stealth        | |  2.0
Spellcasting   | |  2.4

Action                   || total
-------------------------++-------
Melee: Unarmed           ||     4
       Kick              ||     3
       Staff             ||     2
 Cast: Shock             ||    56
  Use: Scroll            ||     3
       Potion            ||     2
Armor: Robe              ||     2
       Skin              ||     2
Dodge: Dodged            ||     8

Table legend: (Time is in decaauts)
 A = Elapsed time spent in this place.
 B = Non-inter-level travel time spent in this place.
 C = Inter-level travel time spent in this place.
 D = Time resting spent in this place.
 E = Time spent auto-exploring this place.
 F = Levels seen in this place.
 G = Mean time per level.
                   A        B        C        D        E       F      G
               +--------+--------+--------+--------+--------+-----+--------+
         Total |   1502 |   1492 |     10 |    422 |    867 |   2 |  751.0 |
       Dungeon |   1502 |   1492 |     10 |    422 |    867 |   2 |  751.0 |
               +--------+--------+--------+--------+--------+-----+--------+

Top non-repeatable levels by time:
     D:2: 1024 daAuts
     D:1: 477 daAuts
